 Dungeon Crawl Stone Soup version 0.30-a0-782-ge64f9170bb (webtiles) character file.

Game seed: 8588705302687287740

392 Esekla the Covert (level 6, -24/43 HPs)
             Began as an Octopode Delver on Feb 19, 2023.
             Was an Initiate of Gozag.
             Annihilated by an ogre
             ... wielding a +0 giant club
              (25 damage)
             ... on level 4 of the Dungeon.
             The game lasted 00:21:22 (2706 turns).

Esekla the Covert (Octopode Delver)                 Turns: 2706, Time: 00:21:23

Health: -24/43     AC:  1    Str: 17    XL:     6   Next: 81%
Magic:  8/8        EV: 13    Int: 15    God:    Gozag
Gold:   648        SH:  4    Dex: 13    Spells: 5/8 levels left

rFire   . . .      SeeInvis .    a - +0 scimitar
rCold   + . .      Faith    .    p - +0 buckler
rNeg    . . .      Spirit   .    (helmet restricted)
rPois   .          Reflect  .    (no amulet)
rElec   .          Harm     .    n - +6 ring of strength
rCorr   .          Rampage  .    y - ring of protection from cold
Will    .....                    (no ring)
Stlth   ++++++                   (no ring)
HPRegen 0.27/turn                (no ring)
MPRegen 0.11/turn                (no ring)
                                 (no ring)
                                 (no ring)

@: no status effects
A: almost no armour, amphibious, 8 rings, camouflage 1, gelatinous body 1,
nimble swimmer 1, tentacles
a: Renounce Religion, Potion Petition, Call Merchant, Bribe Branch


You were on level 4 of the Dungeon.
You worshipped Gozag.
Gozag was pleased with you.
You visited 2 branches of the dungeon, and saw 6 of its levels.

You collected 669 gold pieces.
You paid 21 gold pieces to Gozag.

Inventory:

Hand Weapons
 a - a +0 scimitar (weapon)
 s - a +1 vampiric dagger
 v - a +0 dagger of venom
Missiles
 q - a poisoned dart (quivered)
Armour
 p - a +0 buckler (worn)
Jewellery
 n - a +6 ring of strength (left tentacle)
 y - a ring of protection from cold (right tentacle)
Wands
 f - a wand of digging (3)
Scrolls
 b - 3 scrolls of fog
 g - 4 scrolls of identify {unknown}
 i - a scroll of immolation {unknown}
 k - a scroll of brand weapon {unknown}
 l - a scroll of torment {unknown}
 o - a scroll of poison {unknown}
 t - 4 scrolls of enchant armour {unknown}
 x - a scroll of acquirement {unknown}
Potions
 c - 2 potions of brilliance {unknown}
 d - 3 potions of flight {unknown}
 e - a potion of haste
 h - 2 potions of might {unknown}
 j - 4 potions of heal wounds {unknown}
 m - a potion of lignification {unknown}
 r - a potion of curing {unknown}
 u - a potion of attraction {unknown}
 w - 2 potions of berserk rage {unknown}


   Skills:
 * Level 3.7 Fighting
 + Level 1.1(2.4) Short Blades
 * Level 3.3(3.5) Long Blades
 * Level 2.9 Dodging
 + Level 8.6 Stealth
 * Level 1.5 Shields
 * Level 1.5 Spellcasting
 * Level 1.0 Ice Magic


You had 5 spell levels left.
You knew the following spells:

 Your Spells              Type           Power      Damage    Failure   Level
a - Ozocubu's Armour      Ice            4%         N/A       52%         3

Your spell library contained the following spells:

 Spells                   Type           Power      Damage    Failure   Level
 Ensorcelled Hibernation  Hex/Ice        4%         N/A       36%         2
 Passwall                 Tmut/Erth      0%         N/A       43%         2
 Gell's Gravitas          Tloc           1%         N/A       67%         3
 Swiftness                Air            1%         N/A       67%         3
 Teleport Other           Tloc           1%         N/A       67%         3
 Summon Lightning Spire   Summ/Air       1%         N/A       97%         4
 Metabolic Englaciation   Hex/Ice        1%         N/A       100%        5
 Dispersal                Tloc           0%         N/A       100%        6
 Storm Form               Tmut/Air       0%         N/A       100%        7
 Maxwell's Capacitive Co  Air            0%         ∞         100%        8
 Simulacrum               Ice/Necr       Unusable   N/A       N/A         6

Dungeon Overview and Level Annotations

Branches:
Dungeon (5/15)             Temple (1/1) D:5

Altars:
Dithmenos
Elyvilon
Gozag
Kikubaaqudgha
Nemelex Xobeh
Qazlal
Sif Muna
Trog
Vehumet
Zin

Shops:
D:4 [

Annotations:
D:3 Pargi, Robin
D:4 Pikel


Innate Abilities, Weirdness & Mutations

You cannot wear most types of armour.
You are amphibious.
You can wear up to eight rings at the same time.
Your skin changes colour to match your surroundings (Stealth+).
Your rubbery body absorbs attacks. (AC +1, EV +1)
You are camouflaged when in or above water. (Stealth+)
You have tentacles for arms and can constrict up to eight enemies at once.


Message History

You enter the shallow water.
The iguana hisses angrily.
You hit the iguana.
The iguana is poisoned.
Your grab misses the iguana. You squeeze the iguana!
The iguana is almost dead.
The iguana bites you but does no damage.
You hit the iguana but do no damage.
The iguana looks as sick as possible!
You grab the iguana. You squeeze the iguana.
You kill the iguana!
You see here 7 gold pieces.
Throw: 2 darts (poison)
Press: ? - help, Q - select action, (/) - cycle Shift-Dir - straight line, f - ogre
Aim: an ogre, wielding a +0 giant club (73% to hit)
You throw a poisoned dart. The poisoned dart hits the ogre.
The ogre is poisoned.
You hit the ogre.
The ogre is lightly wounded.
You block the ogre's attack.
You hit the ogre.
The ogre looks as sick as possible!
You squeeze the ogre, but do no damage.
The ogre is moderately wounded.
You hit the ogre.
The ogre looks as sick as possible!
Your squeeze misses the ogre.
The ogre is moderately wounded.
The ogre barely misses you.
Your +0 dagger of venom stops dripping with poison.
a - a +0 scimitar (weapon)
You hit the ogre.
The ogre is severely wounded.
The ogre hits you with a +0 giant club!!
Ouch! That really hurt!
You hit the ogre but do no damage.
The ogre is severely wounded.
The ogre hits you with a +0 giant club!
* * * LOW HITPOINT WARNING * * *
The ogre attacks as you move away!
The ogre hits you with a +0 giant club!!
Ouch! That really hurt!
You die...
Your body crumbles into a pile of gold.

..........##..#≈≈#..####.....#
#. ...###...###.#.≈≈..##
##.###.# ##
......##...[...≈≈.####...# .##
#.###.####.###~≈~...#..### #
..###......##.........####
.......######~.~~.~.......
#####........~.~......#...
#########~.O≈.....# #.(≈@...#.#
# #~.≈~...#.##.# #≈≈~≈#
###~$~~...#..#.###~~~≈~
#########..~~~~...##...# .~≈≈~≈
#............~≈.~..#..##.#.~≈≈~
#..........~.~~..........#..~≈.
#............≈≈......######~...
#............≈≈......##........
###...).)....##≈≈##..#.....###.#


You could see an ogre (extremely poisoned).

Vanquished Creatures
  A black bear (D:4)
  A scorpion (D:4)
  A hound (D:4)
  An iguana (D:4)
  5 gnolls
  6 adders
  2 worms (D:2)
  3 dart slugs
  4 orcs
  5 ball pythons
  6 bats
  3 endoplasms
  3 giant cockroaches
  11 goblins
  7 hobgoblins
  2 jackals (D:4)
  3 quokkas (D:1)
  5 frilled lizards
  9 kobolds
  5 rats (D:1)
83 creatures vanquished.

Vanquished Creatures (others)
  A fungus (D:3)
1 creature vanquished.

Grand Total: 84 creatures vanquished

Notes
Turn   | Place    | Note
-------+----------+-------------------------------------------
     0 | D:5      | Esekla the Octopode Delver began the quest for the Orb.
     0 | D:5      | Reached XP level 1. HP: 16/16 MP: 1/1
    22 | D:5      | Found a staircase to the Ecumenical Temple.
    30 | Temple   | Entered the Ecumenical Temple
   273 | Temple   | Became a worshipper of Gozag Ym Sagoz the Greedy
   328 | D:4      | Noticed a lemure
   328 | D:4      | Noticed a lemure
   330 | D:4      | Noticed a hound
   343 | D:5      | Noticed a scorpion
   343 | D:5      | Noticed a howler monkey
   470 | D:4      | Noticed an ogre
   470 | D:4      | Noticed a black bear
   510 | D:5      | Reached XP level 2. HP: 21/21 MP: 2/2
   526 | D:5      | Reached skill level 7 in Stealth
   711 | D:4      | Reached XP level 3. HP: 19/26 MP: 2/4
   732 | D:4      | Noticed a scorpion
   770 | D:3      | Noticed Pargi
   772 | D:3      | Found the +2 cloak of the Thief {*Fog Slay-2 SInv Stlth+}
   847 | D:1      | Reached XP level 4. HP: 28/31 MP: 5/5
  1440 | D:1      | Reached skill level 1 in Spellcasting
  1636 | D:2      | Reached XP level 5. HP: 36/36 MP: 6/6
  1863 | D:2      | Found a radiant altar of Vehumet.
  2040 | D:2      | Reached skill level 1 in Shields
  2108 | D:2      | Learned a level 3 spell: Ozocubu's Armour
  2366 | D:3      | Noticed Robin
  2452 | D:4      | Found a bloodstained altar of Trog.
  2478 | D:4      | Found Hoha's Armour Emporium.
  2505 | D:4      | Reached skill level 8 in Stealth
  2505 | D:4      | Reached XP level 6. HP: 34/42 MP: 8/8
  2539 | D:4      | Noticed Pikel
  2658 | D:4      | Killed a black bear
  2659 | D:4      | Reached skill level 1 in Short Blades
  2672 | D:4      | Reached skill level 1 in Ice Magic
  2705 | D:4      | HP: 1/43 [ogre/+0 giant club (17)]
  2706 | D:4      | Annihilated by an ogre

Illustrated notes

Levels and vault maps discovered:
D:1:      zelgadis_glass_arrival_large, layout_basic
D:2:      layout_rooms, basic_altar, minivault_19
D:3:      layout_rooms, uniq_pargi, uniq_robin, uniq_crazy_yiuf_cottage,
          uniq_natasha
D:4:      layout_rooms, trog_book, serial_rivers,
          chequers_serial_rivers_small_a, chequers_serial_rivers_small_b,
          chequers_serial_rivers_small_3, chequers_serial_rivers_micro_a,
          chequers_serial_rivers_marsh, chequers_serial_rivers_large_a,
          minmay_misc_feat_four_crosses, kennysheep_windowed_goal, uniq_pikel
D:5:      layout_loops_ring, minmay_temple_entry_overgrown
Temple:   mainiacjoe_temple_big_plus

Skill      XL: |  1  2  3  4  5  6 |
---------------+-------------------+-----
Stealth        | 7 8 |  8.6
Spellcasting   | 1 |  1.5
Long Blades    | 3 |  3.3
Shields        | 1 |  1.5
Short Blades   | 1 |  1.1
Ice Magic      | 1 |  1.0
Fighting       | |  3.7
Dodging        | |  2.9

Action                     |  1- 3 |  4- 6 || total
---------------------------+-------+-------++-------
  Melee: Falchion          |     5 |       ||     5
         Tentacles         |     3 |    32 ||    35
         Scimitar          |     9 |    21 ||    30
         Constrict         |     3 |    39 ||    42
         Dagger            |     2 |   107 ||   109
         Punch             |       |     2 ||     2
  Throw: Dart              |       |     7 ||     7
    Use: Scroll            |     1 |     1 ||     2
   Stab: Sleeping          |     2 |    16 ||    18
         Distracted        |       |     1 ||     1
 Armour: Skin              |     1 |     5 ||     6
  Dodge: Dodged            |     9 |    58 ||    67
  Block: Buckler           |       |    16 ||    16

Table legend: (Time is in decaauts)
 A = Elapsed time spent in this place.
 B = Non-inter-level travel time spent in this place.
 C = Inter-level travel time spent in this place.
 D = Time resting spent in this place.
 E = Time spent auto-exploring this place.
 F = Levels seen in this place.
 G = Mean time per level.
                   A        B        C        D        E       F      G
               +--------+--------+--------+--------+--------+-----+--------+
         Total |   2705 |   2601 |    104 |    230 |    707 |   6 |  450.8 |
       Dungeon |   2507 |   2468 |     39 |    230 |    587 |   5 |  501.4 |
        Temple |    198 |    133 |     65 |      0 |    120 |   1 |  198.0 |
               +--------+--------+--------+--------+--------+-----+--------+

Top non-repeatable levels by time:
     D:1: 784 daAuts
     D:2: 698 daAuts
     D:5: 460 daAuts
     D:4: 448 daAuts
  Temple: 198 daAuts
     D:3: 114 daAuts
